 Dungeon Crawl Stone Soup version 0.23.2-1-ga50397a (webtiles) character file.

Game seed: 8289395042898533466

35632 vlazyslath the Imperceptible (level 13, -5/86 HPs)
             Began as a Vampire Assassin on May 4, 2019.
             Was a Believer of Yredelemnul.
             Slain by an ice beast (6 damage)
             ... summoned by an ice statue
             ... in an ice cave on May 5, 2019.
             The game lasted 05:00:05 (27178 turns).

vlazyslath the Imperceptible (Vampire Assassin)    Turns: 27178, Time: 05:00:06

Health: -5/86      AC:  0    Str: 10    XL:     13   Next: 48%
Magic:  0/13       EV: 19    Int: 14    God:    Yredelemnul [**....]
Gold:   995        SH:  0    Dex: 25    Spells: 12/12 levels left

rFire    . . .     SeeInvis +   (weapon currently unavailable)
rCold    + . .     Gourm    .   (shield currently unavailable)
rNeg     + + .     Faith    .   (armour currently unavailable)
rPois    +         Spirit   +   (helmet currently unavailable)
rElec    .         Reflect  .   (cloak currently unavailable)
rCorr    .         Harm     .   (gloves currently unavailable)
MR       +....                  (boots currently unavailable)
Stlth    ++++++++++             S - amulet of guardian spirit
HPRegen  0.12/turn              (ring currently unavailable)
MPRegen  0.13/turn              (ring currently unavailable)

@: bat-form, injury mirror, flying, regenerating slowly, very quick
A: tiny, fangs 3, see invisible
a: End Transformation, Animate Remains, Recall Undead Slaves, Injury Mirror,
Renounce Religion


You were in an ice cave.
You worshipped Yredelemnul.
Yredelemnul was pleased with you.
You were near bloodless.
You were in vampire-bat-form.
You visited 4 branches of the dungeon, and saw 21 of its levels.
You also visited: Sewer and Ice Cave.

You collected 1045 gold pieces.
You spent 50 gold pieces at shops.

Inventory:

Hand Weapons
 b - a +0 blowgun
 p - a +0 hunting sling
 x - a +2 mace of crushing
 A - a +8 club
 B - a cursed -1 flail
 H - the +7 short sword of Evisceration (melded) {pain, +Blink Dex+2}
   (You found it on level 6 of the Dungeon)

   In the hands of one skilled in necromantic magic, it inflicts extra damage on
   living creatures.
   It affects your dexterity (+2).
   It lets you blink.
 K - a +3 dire flail
 M - a +1 dire flail
 Q - a +0 trident of venom
Missiles
 f - 2 curare-tipped needles
 k - 198 stones (quivered)
 y - 16 poisoned needles
 P - 3 javelins
Armour
 c - a +2 robe of fire resistance (melded)
 U - a +0 hat of magic resistance (melded)
Jewellery
 l - an uncursed ring of magical power
 t - a ring of stealth (melded)
 C - an uncursed ring of ice
 G - a +4 ring of slaying (melded)
 S - an amulet of guardian spirit (around neck)
 X - an uncursed ring of ice
Wands
 g - a wand of scattershot (6)
 O - a wand of disintegration (16)
 T - a wand of acid (3)
Scrolls
 d - a scroll of identify
 h - 2 scrolls of teleportation
 i - 3 scrolls of enchant armour
 j - 6 scrolls of remove curse
 m - 5 scrolls of amnesia
 s - a scroll of silence {unknown}
 v - 2 scrolls of enchant weapon {unknown}
 w - 2 scrolls of fog {unknown}
 D - 2 scrolls of random uselessness {unknown}
 I - a scroll of fear {unknown}
 J - 2 scrolls of magic mapping {unknown}
 W - a scroll of torment {unknown}
 Z - a scroll of vulnerability {unknown}
Potions
 n - 3 potions of might
 o - 2 potions of haste
 q - a potion of brilliance
 u - 3 potions of cancellation
 z - 4 potions of lignification
 F - 3 potions of flight
 R - a potion of berserk rage {unknown}
Miscellaneous
 a - a fan of gales
 E - a sack of spiders


   Skills:
 - Level 3.0 Fighting
 - Level 12.2 Short Blades
 + Level 10.5 Throwing
 - Level 1.1 Dodging
 + Level 22.8 Stealth


You had 12 spell levels left.
You didn't know any spells.
Your spell library contained the following spells:

 Spells                   Type           Power        Failure   Level  Hunger
 Confusing Touch          Hex            #.....       28%         1    ##.....
 Flame Tongue             Conj/Fire      #....        28%         1    ##.....
 Throw Flame              Conj/Fire      #.....       41%         2    ###....
 Confuse                  Hex            #.......     65%         3    ####...
 Conjure Flame            Conj/Fire      #.......     65%         3    ####...
 Gell's Gravitas          Tloc           #.........   65%         3    ####...
 Inner Flame              Hex/Fire       #.......     65%         3    ####...
 Petrify                  Tmut/Erth      #.......     96%         4    #####..
 Sticky Flame             Conj/Fire      #.......     96%         4    #####..
 Fireball                 Conj/Fire      #.........   100%        5    ######.
 Irradiate                Conj/Tmut      #.........   100%        5    ######.
 Metabolic Englaciation   Hex/Ice        #.........   100%        5    ######.
 Yara's Violent Unravell  Hex/Tmut       #.........   100%        5    ######.
 Hydra Form               Tmut           #.........   100%        6    #######
 Statue Form              Tmut/Erth      #........    100%        6    #######
 Dragon Form              Tmut           #.........   100%        7    #######


Dungeon Overview and Level Annotations

Branches:
Dungeon (14/15)            Temple (1/1) D:7            Lair (5/6) D:8
 Shoals (0/4) Lair:4        Snake (1/4) Lair:2        Slime (0/5) Lair:5
 Vaults (0/5) D:13
    Orc: D:9-12

Altars:
Ashenzari
Cheibriados
Dithmenos
Elyvilon
Fedhas
Gozag
Hepliaklqana
Kikubaaqudgha
Makhleb
Nemelex Xobeh
Okawaru
Qazlal
Ru
Sif Muna
Trog
Uskayaw
Vehumet
Wu Jian
Xom
Yredelemnul
Zin
The Shining One

Shops:
D:4 }

Annotations:
D:11 Erica, Urug
D:13 Nessos
Lair:1 exclusion: oklob plant
Snake:1 exclusion: orange crystal statue IceCv exclusion: 3 ice statues


Innate Abilities, Weirdness & Mutations

You heal slowly.
You have razor-sharp teeth.
You have supernaturally acute eyesight. (SInv)
((You can survive without breathing.))


Message History

The ice beast hits you.
* * * LOW HITPOINT WARNING * * *
The ice beast freezes you! You resist.
* * * LOW HITPOINT WARNING * * *
Yredelemnul mirrors your injury!
The ice beast is moderately wounded.
The ice statue gestures at you. The bolt of cold misses you.
Okay, then.
Okay, then.
You feel better.
You are engulfed in freezing vapours.
You resist.
* * * LOW HITPOINT WARNING * * *
The ice beast barely misses you. Yredelemnul mirrors your injury!
The ice statue is severely damaged.
The ice beast hits you.
* * * LOW HITPOINT WARNING * * *
The ice beast freezes you. You resist.
You die...
Yredelemnul claims you as an undead slave.

#?.......
#.......
#.......
#..... ..u.
###8###
##.○○°°##
##..○°(°°##
#...YbY○°.#
#....(°.°.#
#...((....#
#....(..Y.#
#8.......8#
#####.#####
#.......).#
#.........#
#.........#


You could see 3 ice statues, a white ugly thing and 3 ice beasts.

Vanquished Creatures
  Jorgrun (D:14)
  Snorg (D:14)
  A vault guard (D:13)
  A death yak (Lair:4)
  A two-headed ogre (D:13)
  An ugly thing (IceCv)
  4 elephants (Lair:3)
  A black mamba (Lair:5)
  A gargoyle (D:10)
  3 spiny frogs
  A naga mage (Snake:1)
  2 rime drakes
  7 komodo dragons
  A kobold demonologist (D:14)
  3 trolls
  A hornet (D:12)
  10 blink frogs
  3 hippogriffs
  A wyvern (D:10)
  30 yaks
  4 wraiths
  2 basilisks (Lair:1)
  A hungry ghost (D:8)
  Menkaure (D:7)
  A vampire mosquito (D:13)
  Duvessa (D:5)
  10 water moccasins
  9 porcupines
  A black bear (D:6)
  A phantom (D:6)
  9 ice beasts
  3 orc warriors
  4 ogres
  7 crocodiles
  A centaur (D:7)
  6 wolves
  3 big kobolds
  18 bullfrogs
  A wyvern skeleton (D:8)
  4 killer bees
  Dowan (D:5)
  3 scorpions
  4 wights
  An electric eel (D:8)
  A howler monkey (D:13)
  7 crimson imps
  A bullfrog zombie (D:9)
  2 centaur zombies
  8 hounds
  3 human zombies (D:8)
  3 jellies
  8 orc wizards
  2 centaur skeletons
  6 orc priests
  A bullfrog skeleton (D:2)
  2 iguanas
  A porcupine zombie (Lair:1)
  6 worker ants
  2 hound zombies
  2 ogre skeletons (D:8)
  3 mummies (D:8)
  A worker ant zombie (D:9)
  Robin (D:4)
  18 adders
  4 shadow imps
  10 oozes (Sewer)
  A dart slug (D:3)
  9 leopard geckos
  34 orcs
  13 ball pythons
  12 giant cockroaches (Sewer)
  17 goblins
  12 hobgoblins
  6 jackals
  23 kobolds
  4 quokkas
  10 bats
  15 frilled lizards
  A giant cockroach zombie (D:5)
  A jackal skeleton (D:6)
  6 rats
  2 plants
428 creatures vanquished.

Vanquished Creatures (collateral kills)
  Gastronok (Lair:1)
  2 vault guards (D:13)
  2 hydras
  2 ugly things (D:13)
  6 elephants (Lair:3)
  A spiny frog (Lair:1)
  A rime drake (D:14)
  A gargoyle (D:13)
  A komodo dragon (Lair:3)
  8 blink frogs
  2 hippogriffs
  A wraith (D:14)
  17 yaks
  A water moccasin (Lair:3)
  3 acid dragons
  A porcupine (Lair:3)
  A black bear (Lair:1)
  2 necrophages (D:13)
  4 wolves
  A big kobold (D:12)
  A bullfrog (Lair:2)
  5 killer bees
  An electric eel (Lair:3)
  A centaur zombie (D:12)
  A hound (D:13)
  2 orc wizards (D:13)
  An iguana (D:8)
  A shadow imp (D:12)
  2 orcs (D:13)
  5 kobolds
  5 fungi (Lair:3)
  11 plants
94 creatures vanquished.

Vanquished Creatures (others)
  An ugly thing zombie (IceCv)
  2 flying skulls (Lair:3)
  A black mamba zombie (Lair:5)
  2 spiny frog zombies
  2 elephant zombies (Lair:3)
  4 blink frog zombies
  A rime drake zombie (Lair:1)
  A hippogriff zombie (Lair:1)
  4 komodo dragon zombies
  A water moccasin skeleton (Lair:3)
  A troll zombie (D:9)
  15 yak zombies
  2 wights
  4 wolf zombies
  3 bullfrog zombies
  A basilisk zombie (Lair:1)
  A black bear zombie (Lair:1)
  6 porcupine zombies
  2 killer bee zombies (D:12)
  An ogre zombie (D:8)
  2 crocodile zombies
  A necrophage skeleton (D:13)
  2 mummies
  A scorpion zombie (Lair:3)
  3 kobold zombies
  7 orc zombies
  A quokka zombie (D:10)
  A bush (Lair:4)
  3 fungi
  8 plants
84 creatures vanquished.

Grand Total: 606 creatures vanquished

Notes
Turn   | Place    | Note
-------+----------+-------------------------------------------
     0 | D:1      | vlazyslath the Vampire Assassin began the quest for the
                  | Orb.
     0 | D:1      | Reached XP level 1. HP: 16/16 MP: 1/1
    66 | D:1      | Reached skill level 6 in Stealth
   469 | D:1      | Reached XP level 2. HP: 22/22 MP: 2/2
  1287 | D:2      | Reached XP level 3. HP: 27/27 MP: 3/3
  1534 | D:2      | Found an ornate altar of the Wu Jian Council.
  1535 | D:2      | Found a white marble altar of Elyvilon.
  1741 | D:2      | Reached XP level 4. HP: 22/34 MP: 1/4
  2304 | D:3      | Reached skill level 7 in Stealth
  3349 | D:3      | Reached XP level 5. HP: 12/41 MP: 5/5
  4011 | D:4      | Noticed Robin
  4259 | D:4      | Killed Robin
  4398 | D:4      | Reached skill level 8 in Stealth
  4408 | D:4      | Reached XP level 6. HP: 19/47 MP: 6/6
  4542 | D:4      | Found Akli's Gadget Emporium.
  4545 | D:4      | Bought a wand of paralysis (3) for 50 gold pieces
  4565 | D:4      | Found a bloodstained altar of Trog.
  5086 | D:5      | Entered Level 5 of the Dungeon
  5173 | D:5      | Found a glowing drain.
  5187 | D:5      | Noticed Dowan
  5213 | D:5      | Noticed Duvessa
  5326 | D:5      | Killed Dowan
  5391 | Sewer    | Entered a sewer
  5447 | Sewer    | Reached skill level 5 in Short Blades
  5807 | Sewer    | Reached skill level 9 in Stealth
  6077 | Sewer    | Reached XP level 7. HP: 40/52 MP: 2/7
  6805 | D:5      | Killed Duvessa
  6805 | D:5      | Reached skill level 10 in Stealth
  7049 | D:6      | Found a sparkling altar of Nemelex Xobeh.
  7169 | D:6      | Got a smoking short sword
  7174 | D:6      | Identified the +7 short sword of Evisceration {pain, +Blink
                  | Dex+2} (You found it on level 6 of the Dungeon)
  7255 | D:6      | Noticed a hippogriff
  7704 | D:6      | Found a basalt altar of Yredelemnul.
  7707 | D:6      | Killed a hippogriff
  7707 | D:6      | Reached skill level 11 in Stealth
  7707 | D:6      | Reached XP level 8. HP: 49/58 MP: 8/8
  7935 | D:6      | Became a worshipper of Yredelemnul the Dark
  8089 | D:7      | Noticed Menkaure
  8155 | D:7      | Found a snail-covered altar of Cheibriados.
  8210 | D:7      | Reached skill level 12 in Stealth
  8261 | D:7      | Found a staircase to the Ecumenical Temple.
  8267 | Temple   | Entered the Ecumenical Temple
  8734 | D:7      | Killed Menkaure
  8823 | D:7      | Reached skill level 13 in Stealth
  8905 | D:7      | Reached XP level 9. HP: 54/63 MP: 9/9
  9221 | D:7      | Reached * piety under Yredelemnul
  9460 | D:8      | You are sucked into a shaft for 3 floors!
  9475 | D:11     | Noticed a gargoyle
  9490 | D:11     | Noticed a cyclops
  9549 | D:11     | Noticed a gargoyle
  9620 | D:11     | Noticed a troll
  9621 | D:11     | Noticed Erica
  9638 | D:10     | Entered Level 10 of the Dungeon
  9878 | D:10     | Noticed a komodo dragon
  9949 | D:9      | Reached skill level 14 in Stealth
 10035 | D:9      | Reached skill level 10 in Short Blades
 10041 | D:9      | Noticed a troll
 10116 | D:9      | Killed a troll
 10147 | D:8      | Found an iron altar of Okawaru.
 10169 | D:8      | Found a deep blue altar of Sif Muna.
 10370 | D:8      | Reached skill level 15 in Stealth
 10544 | D:8      | Found a radiant altar of Vehumet.
 10642 | D:8      | Found a basalt altar of Yredelemnul.
 10871 | D:8      | Noticed a troll
 11053 | D:8      | Reached XP level 10. HP: 64/70 MP: 10/10
 11097 | D:8      | Reached ** piety under Yredelemnul
 11469 | D:8      | Found a staircase to the Lair.
 11844 | D:8      | Reached skill level 16 in Stealth
 12683 | D:9      | Found an opulent altar of Gozag.
 12684 | D:9      | Found a burning altar of Makhleb.
 12686 | D:9      | Found a hazy altar of Hepliaklqana.
 12686 | D:9      | Found an ancient bone altar of Kikubaaqudgha.
 13530 | D:10     | Noticed a gargoyle
 14594 | Lair:1   | Entered Level 1 of the Lair of Beasts
 14682 | Lair:1   | Noticed Gastronok
 15222 | Lair:1   | Noticed an oklob plant
 15398 | Lair:1   | Reached skill level 17 in Stealth
 15895 | Lair:1   | Noticed a spiny frog
 16004 | Lair:1   | Killed a spiny frog
 16078 | Lair:1   | Reached *** piety under Yredelemnul
 16115 | Lair:1   | Reached XP level 11. HP: 50/75 MP: 11/11
 16378 | Lair:1   | Killed Gastronok
 16450 | Lair:2   | Reached skill level 18 in Stealth
 16469 | Lair:2   | Found a staircase to the Snake Pit.
 16632 | Lair:2   | Received a gift from Yredelemnul (a wight)
 17196 | Snake:1  | Entered Level 1 of the Snake Pit
 17196 | Snake:1  | Noticed an orange crystal statue
 17236 | Snake:1  | Reached skill level 5 in Throwing
 17246 | Snake:1  | Noticed a mana viper
 17580 | Lair:2   | Received a gift from Yredelemnul (2 flying skulls)
 17944 | Lair:3   | Reached skill level 19 in Stealth
 18457 | Lair:3   | Noticed a four-headed hydra
 18848 | Lair:3   | Reached XP level 12. HP: 46/81 MP: 9/12
 19111 | Lair:3   | Reached skill level 20 in Stealth
 19129 | Lair:3   | Reached **** piety under Yredelemnul
 19342 | Lair:3   | Killed a four-headed hydra
 19948 | Lair:4   | HP: 4/81 [blink frog (2)]
 20178 | Lair:4   | Noticed an eight-headed hydra
 20313 | Lair:4   | Noticed a death yak
 20322 | Lair:4   | Killed a death yak
 20390 | Lair:4   | Found a staircase to the Shoals.
 20550 | Lair:4   | Received a gift from Yredelemnul (a mummy)
 20660 | Lair:4   | Noticed a five-headed hydra
 20686 | Lair:4   | Killed a five-headed hydra
 21031 | Lair:5   | Reached skill level 21 in Stealth
 21056 | Lair:5   | Received a gift from Yredelemnul (a mummy)
 21091 | Lair:5   | Noticed a death yak
 21153 | Lair:5   | Noticed a death yak
 21155 | Lair:5   | Noticed a death yak
 21252 | Lair:5   | Found a staircase to the Slime Pits.
 21361 | Lair:5   | Noticed a six-headed hydra
 22841 | D:10     | Received a gift from Yredelemnul (a wight)
 23176 | D:11     | Noticed Urug
 23753 | D:11     | You are sucked into a shaft!
 24153 | D:13     | Found a gate to the Vaults.
 24153 | D:13     | Noticed a vault guard
 24153 | D:13     | Noticed a vault guard
 24153 | D:13     | Noticed a vault guard
 24153 | D:13     | Noticed a two-headed ogre
 24153 | D:13     | Noticed a vault guard
 24442 | D:12     | Reached XP level 13. HP: 22/86 MP: 8/13
 24442 | D:12     | Received a gift from Yredelemnul (a vampire)
 25187 | D:13     | Reached skill level 22 in Stealth
 25657 | D:13     | Noticed Nessos
 25847 | D:13     | Reached skill level 10 in Throwing
 26047 | D:14     | Noticed Snorg
 26082 | D:14     | Killed Snorg
 26102 | D:14     | Found a frozen archway.
 26156 | D:14     | Noticed Jorgrun
 26189 | D:14     | Killed Jorgrun
 26316 | IceCv    | Entered an ice cave
 27178 | IceCv    | HP: 3/86 [ice statue] (11)]
 27178 | IceCv    | HP: 1/86 [ice beast[an ice statue] (2)]
 27178 | IceCv    | Slain by an ice beast

Skill      XL: |  1  2  3  4  5  6  7  8  9 10 11 12 13 |
---------------+----------------------------------------+-----
Stealth        | 6 7 8 9 11 13 15 17 19 21 22 | 22.8
Fighting       | 2 3 |  3.0
Short Blades   | 3 4 5 7 9 11 12 | 12.2
Throwing       | 2 3 7 9 10 | 10.5
Dodging        | |  1.1

Action                   |  1- 3 |  4- 6 |  7- 9 | 10-12 | 13-15 || total
-------------------------+-------+-------+-------+-------+-------++-------
Melee: Dagger            |    93 |    65 |       |       |       ||   158
       Bite              |     5 |    14 |    15 |    49 |    13 ||    96
       Short sword       |       |   154 |   151 |   435 |    92 ||   832
       Unarmed           |       |       |       |    12 |       ||    12
 Fire: Hunting sling     |     3 |   125 |    63 |    94 |    86 ||   371
       Blowgun           |       |    47 |    23 |    15 |       ||    85
Throw: Stone             |     2 |    45 |     2 |    38 |     9 ||    96
       Javelin           |       |       |       |    13 |    13 ||    26
       Tomahawk          |       |       |       |   121 |    21 ||   142
Invok: Animate Remains   |       |       |     1 |    11 |       ||    12
       Animate Dead      |       |       |       |    42 |    14 ||    56
       Recall Undead Sla |       |       |       |    23 |     6 ||    29
       Injury Mirror     |       |       |       |     1 |     4 ||     5
 Abil: Bat Form          |     8 |    51 |    52 |    91 |     9 ||   211
       End Transformatio |     8 |    47 |    52 |    91 |     8 ||   206
       Evoke Blink       |       |       |     1 |     7 |       ||     8
Evoke: Wand              |       |       |    20 |    20 |       ||    40
  Use: Potion            |       |    16 |     5 |    30 |     3 ||    54
       Scroll            |       |     6 |     6 |    18 |     3 ||    33
 Stab: Sleeping          |    14 |    12 |    38 |    55 |    12 ||   131
       Paralysed         |       |       |     2 |     2 |       ||     4
       Distracted        |       |       |     1 |     5 |     1 ||     7
Armor: Robe              |    23 |    49 |     6 |    30 |     6 ||   114
Dodge: Dodged            |    73 |   168 |    62 |   175 |    41 ||   519
